 Dungeon Crawl Stone Soup version 0.16-a0-3472-g5ce0ac0 (console) character file.

97 MrRokkomies the Slasher (level 4, -1/32 HPs)
             Began as a High Elf Skald on Jan 3, 2015.
             Slain by a killer bee (8 damage)
             ... on level 3 of the Dungeon.
             The game lasted 00:08:48 (2595 turns).

MrRokkomies the Slasher (High Elf Skald)            Turns: 2595, Time: 00:08:48

Health: -1/32      AC:  7    Str: 12    XL:     4   Next: 42%
Magic:  6/11       EV: 10    Int: 16    God:
Gold:   168        SH:  0    Dex: 14    Spells: 3 memorised, 1 level left

rFire  . . .     SeeInvis .     a - +0 falchion
rCold  . . .     Clarity  .     r - +0 ring mail (curse)
rNeg   . . .     SustAb   .     (no shield)
rPois  .         Gourm    +     m - +0 helmet
rElec  .         Spirit   .     (no cloak)
rCorr  .         Warding  .     u - +0 pair of gloves
rMut   .         Stasis   .     (no boots)
MR     .....                    n - amulet of the gourmand
Stlth  +.........               (no ring)
                                t - ring of flight

@: infused (expiring), very slightly contaminated, hasted, very quick, not
resistant to hostile enchantments, very unstealthy
A: no striking features
a: Evoke Flight


You were on level 3 of the Dungeon.
You were not hungry.

You visited 1 branch of the dungeon, and saw 3 of its levels.

You collected 168 gold pieces.

Inventory:

Hand weapons
 a - a +0 falchion (weapon)
Missiles
 l - 7 steel javelins (quivered)
 o - 15 poisoned needles
Armour
 m - a +0 helmet (worn)
 r - a cursed +0 ring mail (worn)
 u - a +0 pair of gloves (worn)
Jewellery
 j - an uncursed ring of teleportation
 n - an amulet of the gourmand (around neck)
 t - a ring of flight (left hand)
Scrolls
 e - a scroll of remove curse
Potions
 g - a potion of cancellation {unknown}
 h - 2 potions of curing
 i - a potion of invisibility {unknown}
 k - 2 potions of restore abilities
 p - a potion of agility {unknown}
 q - a potion of lignification {unknown}
 s - a potion of beneficial mutation {unknown}
Books
 c - a book of Battle

   Spells                             Type                      Level
   a - Infusion                       Charms                       1
   b - Shroud of Golubria             Charms/Translocation         2
   c - Song of Slaying                Charms                       2
   d - Spectral Weapon                Hexes/Charms                 3
   e - Regeneration                   Charms/Necromancy            3
Comestibles
 d - 2 bread rations


   Skills:
 * Level 3.6 Fighting
 * Level 4.3 Long Blades
 - Level 0.8 Armour
 - Level 1.1 Dodging
 - Level 2.4 Spellcasting
 - Level 3.6 Charms


You had one spell level left.
You knew the following spells:

 Your Spells              Type           Power        Failure   Level  Hunger
a - Infusion              Chrm           ##....       10%         1    #......
b - Shroud of Golubria    Chrm/Tloc      #.........   24%         2    ###....
c - Spectral Weapon       Hex/Chrm       #.......     52%         3    ###....


Dungeon Overview and Level Annotations

Branches:
Dungeon (3/15)

Altars:
Cheibriados
Gozag
Nemelex Xobeh

Shops:
D:2 *


Message History

The killer bee barely misses you.
You miss the killer bee.
The killer bee is heavily wounded.
The killer bee barely misses you. The killer bee closely misses you.
You miss the killer bee.
The killer bee is heavily wounded.
The killer bee barely misses you.
You miss the killer bee.
The killer bee is heavily wounded.
Your magical infusion is running out.
The killer bee barely misses you.
The killer bee stings you but does no damage.
You miss the killer bee.
The killer bee is heavily wounded.
The killer bee stings you!
* * * LOW HITPOINT WARNING * * *
Drink which item? (? for menu, Esc to quit)
It was a potion of restore abilities.
You feel refreshed. The killer bee stings you!
You die... .# ........ .$...... # ....... # ..... .gb. #yh

#y# #y# #@# #.#
#.#########
#.........#
#########.# #.#
########.#
.........########
.................


You could see 3 killer bees, a jackal, a hobgoblin and a bat.

Vanquished Creatures
  3 adders (D:2)
  A giant mite (D:2)
  A worm (D:2)
  3 giant geckos
  An orc (D:3)
  14 bats
  A giant cockroach (D:1)
  4 goblins
  3 hobgoblins (D:1)
  3 jackals
  A quokka (D:3)
  3 giant newts (D:1)
  11 kobolds
  10 rats
59 creatures vanquished.

Notes
Turn   | Place    | Note
--------------------------------------------------------------
     0 | D:1      | MrRokkomies, the High Elf Skald, began the quest for the Orb.
     0 | D:1      | Reached XP level 1. HP: 14/14 MP: 4/4
   630 | D:1      | Reached XP level 2. HP: 12/20 MP: 6/6
   634 | D:1      | Learned a level 2 spell: Shroud of Golubria
  1520 | D:2      | Reached XP level 3. HP: 22/25 MP: 8/8
  1716 | D:2      | Found an opulent altar of Gozag.
  1717 | D:2      | Found Gozag's Platinum Reserve.
  1966 | D:2      | Reached skill level 4 in Long Blades
  1991 | D:2      | Found a snail-covered altar of Cheibriados.
  2014 | D:2      | Reached XP level 4. HP: 31/31 MP: 11/11
  2157 | D:2      | Learned a level 3 spell: Spectral Weapon
  2341 | D:3      | Found a sparkling altar of Nemelex Xobeh.
  2595 | D:3      | Slain by a killer bee

Action                   |  1- 3 |  4- 6 || total
-------------------------+-------+-------++-------
Melee: Falchion          |   153 |    63 ||   216
Throw: Javelin           |     3 |       ||     3
 Cast: Shroud of Golubri |     3 |     2 ||     5
       Infusion          |       |     1 ||     1
  Use: Scroll            |     2 |     1 ||     3
       Potion            |       |     4 ||     4
  Eat: Chunk             |     7 |     1 ||     8
